Map: Ley Lines

Players

kitune - Winner!

  • Race: Protoss Protoss
  • Spawn Location: 7:00

A.I. 2 (Very Easy)

  • Race: Zerg Zerg
  • Spawn Location: 1:00

VOD

Have the link to the VOD?

Description

Time

  • Played on: Aug. 4, 2025, 10:01 a.m.
  • Length: 6:45
Show
View Real Time Build Order
Export as new Build Order

kitune Protoss - Winner!

Build Orders: 1 Gate Expand 

Get SALT Encoding   

  12  0:02  Probe  
  13  0:14  Probe  
  13  0:18  Pylon  
  14  0:26  Probe  
  15  0:39  Probe  
  15  0:40  Gateway  
  16  0:47  Probe  
  16  0:50  Assimilator  
  16  0:56  Probe  
  18  1:08  Probe  
  19  1:21  Probe  
  20  1:29  Cybernetics Core  
  20  1:42  Nexus  
  20  1:44  Probe  
  21  1:53  Pylon  
  21  1:57  Probe  
  22  2:02  Assimilator  
  22  2:06  Adept  
  22  2:09  Warp Gate, Probe  
  25  2:21  Probe  
  26  2:33  Robotics Facility  
  27  2:37  Probe  
  27  2:49  Probe  
  28  2:52  Gateway  
  28  2:53  Stalker  
  30  3:05  Gateway  
  31  3:26  Gateway  
  30  3:27  Probe  
  30  3:28  Probe  
  30  3:30  Warp Prism  
  34  3:38  Gateway  
  34  3:39  Probe  
  34  3:40  Probe  
  36  3:50  Gateway  
  36  3:52  Probe x2  
  38  4:03  Stalker  
  38  4:04  Probe x2  
  38  4:05  Stalker  
  44  4:13  Pylon  
  44  4:31  Gateway x2, Pylon  
  44  4:33  Pylon  
  44  4:36  Probe x2  
  46  4:40  Stalker  
  46  4:41  Stalker  
  46  4:45  Stalker  
  52  4:50  Stalker  
  54  4:58  Stalker x2  
  56  5:16  Pylon  
  56  5:18  Pylon  
  56  5:20  Stalker x2  
  60  5:21  Stalker x2  
  60  5:22  Stalker  
  66  5:40  Stalker x2  
  70  5:43  Zealot x2  
  70  5:44  Zealot x2  
  78  6:02  Zealot  
  80  6:05  Zealot x3  
Show
View Real Time Build Order
Export as new Build Order

A.I. 2 (Very Easy) Zerg 

Build Orders: Pool Only 

Get SALT Encoding   

  12  0:01  Drone  
  13  0:12  Overlord  
  13  0:16  Drone  
  14  0:35  Spawning Pool  
  14  0:37  Extractor  
  14  0:40  Drone  
  13  0:47  Drone  
  14  0:53  Overlord  
  14  1:23  Queen  
  14  1:24  Zergling x2  
  17  1:35  Roach Warren  
  17  1:38  Drone  
  17  1:41  Extractor, Zergling x2  
  17  1:46  Drone  
  18  1:59  Zergling x2  
  18  2:00  Drone  
  20  2:10  Drone  
  21  2:21  Drone  
  22  2:30  Drone  
  22  2:31  Overlord  
  23  2:38  Drone  
  24  2:45  Drone  
  25  5:33  Zergling x2  
  25  5:47  Drone, Overlord  
  24  5:54  Drone  
  24  6:01  Drone, Zergling x2  
  20  6:08  Drone  
  11  6:15  Drone, Roach Warren  
Tags
 
Add a new tag
Caveats
  • Supply blocks, unpowered buildings, or Contaminate may cause inaccurate times.
  • Supply counts are checked every 10 seconds.